 Dungeon Crawl Stone Soup version 0.24.0-13-gcf9b319 (webtiles) character file.

Game seed: 1014375949972390699, levelgen mode: deterministic

322887 Daunt the Warrior (level 22, 0/182 HPs)
             Began as a Formicid Venom Mage on Nov 25, 2019.
             Was the Champion of Dithmenos.
             Splashed by a tengu reaver's acid (13 damage)
             ... on level 4 of the Vaults on Nov 28, 2019.
             The game lasted 08:19:05 (62869 turns).

Daunt the Warrior (Formicid Venom Mage)            Turns: 62869, Time: 08:19:06

Health: 0/182      AC: 18    Str: 15    XL:     22   Next: 52%
Magic:  6/43       EV: 11    Int: 41    God:    Dithmenos [******]
Gold:   1370       SH: 17    Dex: 11    Spells: 15/43 levels left

rFire    + . .     SeeInvis +   l - +6 Majin-Bo {vamp, Archmagi MP+6 Int+6}
rCold    + . .     Gourm    .   s - +2 shield {rF+}
rNeg     + . .     Faith    .   a - +3 storm dragon scales {Bai Suzhen}
rPois    .         Spirit   .   (helmet unavailable)
rElec    +         Reflect  +   d - +2 cloak {+Inv}
rCorr    .         Harm     .   V - +1 pair of gloves {archery}
MR       +++..                  R - +0 pair of boots
Stlth    ++++......             I - +4 amulet of reflection
HPRegen  0.80/turn              Q - ring of Vuiqoikk {rC+ rN+ MR+ Str-5 Int+8}
MPRegen  0.28/turn              E - ring "Woha" {+Fly Str+3 Int+6}

@: lethally poisoned (0 -> -1), corroded, wreathed by umbra
A: permanent stasis, dig shafts and tunnels, four strong arms, antennae 3, beak,
deformed body, regeneration 1
}: 2/15 runes: serpentine, barnacled
a: Dig, Shaft Self, Shadow Step, Shadow Form, Renounce Religion, Evoke
Invisibility, Evoke Flight


You were on level 4 of the Vaults.
You worshipped Dithmenos.
Dithmenos was exalted by your worship.
You were not hungry.

You visited 7 branches of the dungeon, and saw 36 of its levels.
You also visited: Sewer, Ossuary, Ice Cave and Volcano.

You collected 4467 gold pieces.
You spent 3097 gold pieces at shops.

Inventory:

Hand Weapons
 l - the +6 Majin-Bo (weapon) {vamp, Archmagi MP+6 Int+6}
   (You found it on level 2 of the Snake Pit)

   It inflicts no extra harm, but heals its wielder when it wounds a living foe.
   It affects your intelligence (+6).
   It affects your magic capacity (+6).
Missiles
 u - 77 silver javelins (quivered)
 y - 27 silver boomerangs
 B - 8 throwing nets
 W - 10 curare-tipped darts
Armour
 a - +3 storm dragon scales (worn) {Bai Suzhen}
 d - a +2 cloak of invisibility (worn)
 s - a +2 shield of fire resistance (worn)
 N - a +0 large shield of reflection
 R - a +0 pair of boots (worn)
 V - a +1 pair of gloves of archery (worn)
Jewellery
 E - the ring "Woha" (right hand) {+Fly Str+3 Int+6}
   (You found it on level 1 of the Vaults)

   [ring of flight]

   It affects your strength (+3).
   It affects your intelligence (+6).
   It lets you fly.
 I - a +4 amulet of reflection (around neck)
 O - an uncursed amulet of the acrobat
 Q - the ring of Vuiqoikk (left hand) {rC+ rN+ MR+ Str-5 Int+8}
   (You bought it in a shop on level 2 of the Orcish Mines)

   [ring of protection from cold]

   It affects your strength (-5).
   It affects your intelligence (+8).
   It protects you from cold.
   It protects you from negative energy.
   It affects your resistance to hostile enchantments.
Wands
 c - a wand of scattershot (5)
 q - a wand of polymorph (13)
 v - a wand of clouds (10)
 x - a wand of acid (7)
 J - a wand of flame (15)
 M - a wand of paralysis (9)
 T - a wand of disintegration (32)
 U - a wand of iceblast (38)
Scrolls
 g - 2 scrolls of fog
 i - 5 scrolls of identify
 j - 4 scrolls of enchant weapon
 k - a scroll of summoning
 m - 6 scrolls of magic mapping
 r - 4 scrolls of enchant armour
 t - 5 scrolls of remove curse
 G - 8 scrolls of amnesia
 H - 4 scrolls of fear
Potions
 b - 13 potions of curing
 e - 11 potions of brilliance
 f - a potion of resistance
 h - 3 potions of might
 z - 3 potions of magic
 A - 4 potions of invisibility
 C - 2 potions of ambrosia
 F - 9 potions of heal wounds
 L - 6 potions of agility
 S - 11 potions of mutation
 X - 5 potions of cancellation
 Y - 7 potions of flight
Miscellaneous
 n - a phial of floods
 p - a lightning rod (4/4)
 D - a lamp of fire
 K - a fan of gales
Comestibles
 o - 38 rations
 w - 5 chunks of flesh


   Skills:
 + Level 17.6 Fighting
 - Level 12.3 Staves
 + Level 14.0 Armour
 - Level 10.0 Dodging
 - Level 13.1 Stealth
 - Level 9.0 Shields
 - Level 11.0 Spellcasting
 - Level 5.0 Conjurations
 - Level 3.0 Charms
 - Level 9.0 Necromancy
 - Level 3.0 Ice Magic
 - Level 2.0 Air Magic
 - Level 14.0 Earth Magic
 - Level 9.0 Poison Magic
 - Level 11.0 Invocations
 + Level 13.5 Evocations


You had 15 spell levels left.
You knew the following spells:

 Your Spells              Type           Power        Failure   Level  Hunger
a - Stone Arrow           Conj/Erth      ######       1%          3    None
b - Ozocubu's Armour      Chrm/Ice       ######..     12%         3    None
c - Borgnjor's Vile Clut  Necr/Erth      ########..   3%          5    None
l - Lee's Rapid Deconstr  Erth           ########..   1%          5    None
m - Mephitic Cloud        Conj/Pois/Air  #######.     4%          3    None
o - Olgreb's Toxic Radia  Pois           #######.     3%          4    None
p - Passwall              Tmut/Erth      #######.     1%          2    None
v - Poisonous Vapours     Pois/Air       ######       2%          2    None
x - Sting                 Conj/Pois      ####         1%          1    None

Your spell library contained the following spells:

 Spells                   Type           Power        Failure   Level  Hunger
 Magic Dart               Conj           ####         1%          1    None
 Sandblast                Erth           ######       1%          1    None
 Flame Tongue             Conj/Fire      #####        4%          1    None
 Freeze                   Ice            ####         4%          1    None
 Throw Frost              Conj/Ice       ######       4%          2    None
 Spider Form              Tmut/Pois      ######....   6%          3    None
 Throw Flame              Conj/Fire      ######       8%          2    None
 Petrify                  Tmut/Erth      #######.     8%          4    None
 Ensorcelled Hibernation  Hex/Ice        ######       11%         2    None
 Shroud of Golubria       Chrm/Tloc      ######       11%         2    None
 Beastly Appendage        Tmut           ####..       14%         1    None
 Corona                   Hex            ####...      14%         1    None
 Conjure Flame            Conj/Fire      ######..     14%         3    None
 Dazzling Spray           Conj/Hex       ######       14%         3    None
 Call Imp                 Summ           ####....     21%         2    None
 Slow                     Hex            ####....     21%         2    None
 Sticks to Snakes         Tmut           ####....     21%         2    None
 Venom Bolt               Conj/Pois      #######...   22%         5    None
 Throw Icicle             Conj/Ice       ######..     26%         4    None
 Excruciating Wounds      Chrm/Necr      #######...   32%         5    None
 Confuse                  Hex            ####....     38%         3    None
 Inner Flame              Hex/Fire       ####....     38%         3    None
 Tukima's Dance           Hex            ####....     38%         3    None
 Force Lance              Conj/Tloc      ######..     43%         4    None
 Sticky Flame             Conj/Fire      ######..     43%         4    None
 Ice Form                 Ice/Tmut       ######..     58%         4    None
 Summon Ice Beast         Ice/Summ       ######..     58%         4    None
 Statue Form              Tmut/Erth      #######..    75%         6    ###....
 Cause Fear               Hex            ####......   80%         4    None
 Fireball                 Conj/Fire      ######....   80%         5    None
 Irradiate                Conj/Tmut      ######....   80%         5    None
 Silence                  Hex/Air        #####.....   94%         5    None
 Blade Hands              Tmut           ####......   98%         5    None
 Yara's Violent Unravell  Hex/Tmut       ####......   98%         5    None
 Freezing Cloud           Conj/Ice/Air   ######....   99%         6    ###....
 Darkness                 Hex            ####......   100%        6    ###....
 Deflect Missiles         Chrm/Air       ######....   100%        6    ###....
 Hydra Form               Tmut           ####......   100%        6    ###....
 Shadow Creatures         Summ           N/A          100%        6    ###....
 Dragon Form              Tmut           ####......   100%        7    #####..
 Ring of Flames           Chrm/Fire      ######....   100%        7    #####..
 Discord                  Hex            ####......   100%        8    ######.
 Blink                    Tloc           Unusable     N/A         2    N/A

Dungeon Overview and Level Annotations

Branches:
Dungeon (15/15)            Temple (1/1) D:4            Lair (6/6) D:10
 Shoals (4/4) Lair:3        Snake (4/4) Lair:3        Slime (0/5) Lair:6
    Orc (2/2) D:10            Elf (0/3) Orc:2        Vaults (4/5) D:14
  Crypt (0/3) Vaults:2     Depths (0/5) D:15          Sewer (visited)
Ossuary (visited)           IceCv (visited)         Volcano (visited)

Altars:
Ashenzari
Cheibriados
Dithmenos
Elyvilon
Fedhas
Gozag
Hepliaklqana
Kikubaaqudgha
Makhleb
Nemelex Xobeh
Okawaru
Qazlal
Ru
Sif Muna
Trog
Uskayaw
Vehumet
Wu Jian
Xom
Yredelemnul
Zin
The Shining One

Shops:
D:9 :   D:11 [   D:12 %   Orc:2 =([!%   Shoals:3 *   Shoals:4 =   Vaults:1 }?[[
Vaults:2 [   Vaults:3 [

Annotations:
D:7 Prince Ribbit
D:14 1 runed translucent door, Ruicvam's ghost, adept GrEE
D:15 apport, NW
Shoals:1 Nikola
Shoals:2 1 runed translucent door, Daunt's ghost, adept OpTm


Innate Abilities, Weirdness & Mutations

You cannot be hasted, slowed, berserked, paralysed or teleported.
You can dig through walls and to a lower floor.
Your four strong arms can wield two-handed weapons with a shield.
You have a pair of large antennae on your head. (SInv)
You have a beak for a mouth.
Armour fits poorly on your strangely shaped body.
Your natural rate of healing is unusually fast.


Message History

The yaktaur is recalled.
The ogre is recalled.
A deep elf annihilator comes into view. It is wielding a +0 long sword.
A deep troll shaman comes into view.
The yaktaur wields an arbalest.
The yaktaur shoots a bolt.
The bolt hits you.
* * * LOW HITPOINT WARNING * * *
You emit a cloud of dark smoke.
A yaktaur comes into view. It is wielding a +0 arbalest.
You see here a bolt.
The yaktaur moves out of view.
The tengu reaver points at you and mumbles some strange words.
The blast of poison misses you.
You are engulfed in poison gas.
You are poisoned.
* * * LOW HITPOINT WARNING * * *
You feel sick.
The tengu reaver points at you and mumbles some strange words.
The bolt of acid hits you!!
* * * LOW HITPOINT WARNING * * *
The acid corrodes you!
You are splashed with acid!
You die...

#.# #.#.#.#.#.#.#.# .(..
#.###.#.#####.# .().){
#...#.#...#...#
.).p{c#########.###.###.###.#
.)){{{{(§§§§..#...#.#.#...#.#
...{{{#§§§§§..#.###.#)#.###.#
#.#.# #§eQ§§§§#...#...:...#.#
.. #§§.§○○.'.###.###.###.# .
#.§§§§@☼#.#.#.#.#.#(..#
#.......#.#.###.#.###.#
###########'###.......).(...#
#...........# #####)'########
#.#########.# #.............
#.#.#.#p..#.# #.............
#.#.+.##+##.# #.............
#.#D#....(#.# #.............
#.###.<.###.# #.............


You could see a tengu reaver and a deep elf annihilator.

Vanquished Creatures
  Sojobo (Vaults:3)
  Saint Roka (Vaults:3)
  Bai Suzhen (Shoals:2)
  Margery (Vaults:3)
  A golden dragon (Vaults:3)
  Vashnia (Snake:3)
  A tentacled monstrosity (Vaults:3)
  2 Ice Fiends (IceCv)
  Asterion (Vaults:3)
  A sphinx (Vaults:2)
  An ancient champion (Vaults:2)
  Polyphemus (Shoals:3)
  Roxanne (Snake:1)
  A storm dragon (Vaults:3)
  Ilsuiw (Shoals:3)
  9 nagarajas
  2 tengu reavers (Vaults:3)
  A revenant (Vaults:2)
  2 fire giants
  The ghost of Exzepaxt the End of an Era, a journeyman FoFi of Qazlal (D:14)
  6 vault wardens
  Aizul (Snake:3)
  5 ironheart preservers
  Louise (Shoals:1)
  3 stone giants
  5 very ugly things
  3 entropy weavers
  Azrael (D:13)
  3 deep elf annihilators
  An eidolon (Vaults:2)
  2 ettins
  Snorg (D:11)
  3 fire dragons
  6 merfolk javelineers
  4 merfolk impalers
  6 yaktaur captains
  A great orb of eyes (Vaults:4)
  Josephine (D:11)
  3 ice dragons
  8 hydras
  5 vault guards
  2 catoblepae
  15 anacondas
  17 naga warriors
  The ghost of MakMorn the Ogre Mage, a novice OgFE of Vehumet (D:7)
  7 ogre magi
  A merfolk avatar (Shoals:2)
  14 two-headed ogres
  A merfolk aquamancer (Shoals:4)
  A dancing weapon (Volcano)
  The ghost of Charmandara the Covert, a journeyman OpAs of Dithmenos (D:11)
  6 centaur warriors
  An alligator snapping turtle (Shoals:1)
  6 satyrs
  A tengu warrior (D:14)
  2 death knights
  5 death yaks
  Urug (D:11)
  5 shock serpents
  3 orc high priests (Orc:2)
  23 naga sharpshooters
  3 deep elf knights
  4 hell knights (Vaults:3)
  Sonja (D:11)
  4 skeletal warriors (D:14)
  30 slime creatures
  A shadow wraith (Vaults:1)
  A storm dragon skeleton (Vaults:1)
  2 glowing orange brains (D:15)
  3 salamander mystics
  10 sea snakes
  A lindwurm (Lair:6)
  8 wizards
  15 naga ritualists
  An unseen horror (Vaults:1)
  An unseen horror (shapeshifter) (D:15)
  6 deep elf archers
  4 deep trolls (Vaults:3)
  7 ironbrand convokers
  A flayed ghost (Vaults:2)
  11 orc knights
  18 harpies
  3 necromancers
  A wolf spider zombie (D:14)
  2 wolf spiders
  4 orc sorcerers
  A wolf spider (shapeshifter) (D:15)
  6 cyclopes
  13 fauns
  8 deep elf magi
  13 mana vipers
  31 ugly things
  7 oklob plants
  13 manticores
  A salamander (Snake:3)
  A manticore (shapeshifter) (D:12)
  5 toenail golems (Volcano)
  3 guardian serpents (Snake:4)
  2 human skeletons (Vaults:1)
  Maurice (D:12)
  A torpor snail (Lair:6)
  50 black mambas
  5 water nymphs (Shoals:4)
  10 vault sentinels
  A fire giant skeleton (Vaults:1)
  3 molten gargoyles (Lair:6)
  2 centaur zombies
  8 merfolk sirens
  A guardian serpent (shapeshifter) (D:15)
  10 spiny frogs
  14 naga magi
  2 ice statues (IceCv)
  A gargoyle (D:15)
  5 rime drakes (Lair:6)
  A kobold demonologist (D:9)
  4 efreet
  A komodo dragon (shapeshifter) (D:15)
  5 freezing wraiths
  15 komodo dragons
  20 yaktaurs
  A tengu conjurer (D:13)
  A redback zombie (D:15)
  11 ice devils (IceCv)
  6 meliai
  4 trolls
  A jumping spider (Vaults:3)
  A queen bee (D:15)
  2 polar bears (D:13)
  A jumping spider (shapeshifter) (Vaults:1)
  28 merfolk
  6 hornets
  A shadow dragon simulacrum (Vaults:3)
  A tengu simulacrum (Vaults:3)
  6 wind drakes
  14 blink frogs
  A sphinx simulacrum (Vaults:3)
  A hippogriff (shapeshifter) (Vaults:1)
  9 hippogriffs
  5 snapping turtles
  4 dream sheep
  6 redbacks
  A spriggan (D:10)
  A centaur simulacrum (D:13)
  2 tarantellas (Vaults:3)
  A shadow (D:13)
  2 spriggans (shapeshifter)
  7 water elementals
  A human (shapeshifter) (Vaults:4)
  A yak (shapeshifter) (Vaults:2)
  4 wyverns
  4 wraiths
  3 hogs (Lair:4)
  10 humans
  43 yaks
  4 fire elementals (D:13)
  2 hungry ghosts
  A neqoxec (D:15)
  A basilisk (shapeshifter) (Vaults:3)
  10 basilisks
  4 steam dragons
  A steam dragon (shapeshifter) (Vaults:1)
  3 acid dragons
  A human simulacrum (Vaults:1)
  4 vampire mosquitoes (D:14)
  8 wargs
  A soldier ant (D:14)
  A soldier ant (shapeshifter) (D:15)
  57 nagas
  7 hell hounds
  7 water moccasins
  5 porcupines
  25 orc warriors
  5 ice beasts
  5 sky beasts
  27 ogres
  5 boggarts (D:15)
  12 wolves (Lair:2)
  3 phantoms
  33 centaurs
  15 crocodiles
  2 elf zombies (Ossuary)
  16 big kobolds
  20 bullfrogs
  A water moccasin zombie (D:9)
  A wyvern skeleton (D:12)
  6 scorpions
  29 killer bees
  12 wights
  5 howler monkeys
  3 electric eels
  5 lava snakes (Lair:6)
  10 crimson imps
  2 bullfrog zombies
  6 jellies
  21 orc wizards
  3 hounds
  3 human zombies (Ossuary)
  19 orc priests
  3 bullfrog skeletons
  4 centaur skeletons
  5 gnoll shamans (D:12)
  Terence (D:2)
  Natasha (twice) (D:2)
  2 iguanas (D:10)
  8 worker ants
  2 big kobold zombies (Ossuary)
  2 hound skeletons
  2 mummies (Ossuary)
  Robin (D:2)
  16 adders
  17 gnolls
  A howler monkey skeleton (D:5)
  4 shadow imps
  7 white imps (IceCv)
  5 ufetubi (IceCv)
  An ooze (Lair:6)
  An adder zombie (Ossuary)
  2 adder skeletons
  A worm (shapeshifter) (D:15)
  5 worms
  A dart slug (D:1)
  3 leopard geckos
  97 orcs
  5 ball pythons
  13 giant cockroaches
  2 hobgoblins
  10 jackals
  35 kobolds
  7 quokkas
  A ball python skeleton (D:5)
  4 bats
  9 frilled lizards
  18 goblins
  7 hobgoblin zombies (Ossuary)
  2 jackal zombies (Ossuary)
  12 kobold zombies (Ossuary)
  8 orc zombies
  A quokka skeleton (D:4)
  7 rats
  A rat zombie (Ossuary)
  A plant (D:12)
1556 creatures vanquished.

Vanquished Creatures (others)
  A very ugly thing (D:14)
  A stone giant (Vaults:3)
  A death yak (Shoals:3)
  A sea snake (Shoals:4)
  2 deep elf archers
  A cyclops (Vaults:2)
  A water nymph (Shoals:4)
  A black mamba (Snake:2)
  3 yaktaurs
  2 ice devils (IceCv)
  A water elemental (Shoals:2)
  An orc warrior (Orc:2)
  An ogre (Orc:1)
  A centaur (Vaults:1)
  A wyvern zombie (D:13)
  A killer bee (D:12)
  An adder (D:10)
  2 white imps (IceCv)
  3 ufetubi (IceCv)
  An orc (D:10)
  A kobold (D:10)
  A bush (Lair:6)
  16 fungi
  49 plants
94 creatures vanquished.

Grand Total: 1650 creatures vanquished

Notes
Turn   | Place    | Note
-------+----------+-------------------------------------------
     0 | D:1      | Daunt the Formicid Venom Mage began the quest for the Orb.
     0 | D:1      | Reached XP level 1. HP: 13/13 MP: 3/3
   228 | D:1      | Reached XP level 2. HP: 19/19 MP: 0/5
   232 | D:1      | Learned a level 2 spell: Poisonous Vapours
   387 | D:1      | Reached skill level 5 in Poison Magic
   621 | D:1      | Reached XP level 3. HP: 24/24 MP: 1/6
  1015 | D:2      | Found a faded altar of an unknown god.
  1016 | D:2      | Noticed Natasha
  1191 | D:2      | Found an ornate altar of the Wu Jian Council.
  1442 | D:2      | Reached XP level 4. HP: 28/30 MP: 1/7
  1521 | D:2      | Noticed Terence
  1536 | D:2      | Killed Terence
  1630 | D:2      | Noticed Robin
  2153 | D:2      | Reached XP level 5. HP: 35/35 MP: 4/8
  2386 | D:2      | Killed Natasha
  2646 | D:2      | Reached skill level 1 in Fighting
  2693 | D:2      | Killed Robin
  3545 | D:3      | Found a glowing drain.
  3572 | D:3      | Reached XP level 6. HP: 42/43 MP: 5/10
  3657 | Sewer    | Entered a sewer
  4158 | Sewer    | Reached skill level 2 in Fighting
  4869 | D:2      | Noticed Natasha
  4874 | D:2      | Killed Natasha
  4874 | D:2      | Reached XP level 7. HP: 47/51 MP: 2/11
  5264 | D:3      | Found a hide-covered altar of Uskayaw.
  6433 | D:4      | Found a staircase to the Ecumenical Temple.
  6439 | Temple   | Entered the Ecumenical Temple
  6505 | Temple   | Became a worshipper of Dithmenos the Shadowed
  6665 | D:5      | Entered Level 5 of the Dungeon
  6710 | D:5      | Found a sand-covered staircase.
  6868 | Ossuary  | Entered an ossuary
  7052 | Ossuary  | Reached * piety under Dithmenos
  7086 | Ossuary  | Reached skill level 3 in Fighting
  7141 | Ossuary  | HP: 2/52 [adder zombie (2)]
  7143 | Ossuary  | Gained mutation: Your natural rate of healing is unusually
                  | fast. [potion of mutation]
  7143 | Ossuary  | Gained mutation: Armour fits poorly on your strangely
                  | shaped body. [potion of mutation]
  7143 | Ossuary  | Gained mutation: You have a beak for a mouth. [potion of
                  | mutation]
  7278 | Ossuary  | Reached XP level 8. HP: 45/58 MP: 14/14
  7476 | Ossuary  | Reached skill level 4 in Fighting
  7559 | D:5      | Reached skill level 5 in Stealth
  7712 | D:5      | Reached skill level 5 in Spellcasting
  7876 | D:5      | Reached skill level 5 in Fighting
  7922 | D:5      | Reached XP level 9. HP: 56/69 MP: 10/16
  7937 | D:5      | Reached ** piety under Dithmenos
  8008 | D:5      | Reached skill level 6 in Fighting
  8218 | D:6      | Got a slimy falchion
  8222 | D:6      | Identified the +8 falchion "Leviticus" {drain, +Blink rElec
                  | Str-5} (You found it on level 6 of the Dungeon)
  8503 | D:6      | Reached skill level 1 in Shields
  8657 | D:6      | Learned a level 3 spell: Mephitic Cloud
  9222 | D:7      | Reached skill level 7 in Fighting
  9367 | D:7      | Found a large runed translucent door.
  9367 | D:7      | Found a large runed translucent door.
  9369 | D:7      | Noticed MakMorn's ghost (novice OgFE)
  9568 | D:7      | Noticed a hippogriff
  9573 | D:7      | Killed a hippogriff
  9973 | D:7      | Found a sparkling altar of Nemelex Xobeh.
  9973 | D:7      | Found a bloodstained altar of Trog.
  9978 | D:7      | Found an iron altar of Okawaru.
  9980 | D:7      | Found a stormy altar of Qazlal.
  9982 | D:7      | Found a blossoming altar of Fedhas.
 10017 | D:7      | Reached skill level 8 in Fighting
 10139 | D:8      | Reached skill level 5 in Dodging
 10151 | D:8      | Reached skill level 1 in Invocations
 10151 | D:8      | Reached XP level 10. HP: 70/80 MP: 14/17
 10306 | D:8      | Learned a level 4 spell: Olgreb's Toxic Radiance
 10312 | D:8      | Reached *** piety under Dithmenos
 10531 | D:8      | Found an ornate altar of the Wu Jian Council.
 10536 | D:8      | Noticed Prince Ribbit
 10980 | D:9      | Reached skill level 5 in Invocations
 11005 | D:9      | Found a white marble altar of Elyvilon.
 11109 | D:9      | Noticed a kobold demonologist
 11139 | D:9      | Reached skill level 1 in Conjurations
 11189 | D:9      | Reached skill level 1 in Evocations
 11263 | D:9      | Reached skill level 1 in Armour
 11312 | D:9      | Reached skill level 1 in Air Magic
 11373 | D:9      | Killed a kobold demonologist
 11388 | D:9      | Reached **** piety under Dithmenos
 11768 | D:9      | Reached XP level 11. HP: 77/87 MP: 7/18
 12139 | D:9      | Found Sianwarucadd's Book Shop.
 12146 | D:9      | Bought a book of Geomancy for 490 gold pieces
 12150 | D:9      | Learned a level 3 spell: Stone Arrow
 12153 | D:9      | Learned a level 2 spell: Passwall
 12202 | D:10     | Entered Level 10 of the Dungeon
 12265 | D:10     | Reached skill level 1 in Earth Magic
 12287 | D:10     | Found a staircase to the Lair.
 12364 | D:10     | Reached skill level 9 in Fighting
 12676 | D:10     | Found a staircase to the Orcish Mines.
 12679 | D:10     | Reached ***** piety under Dithmenos
 12763 | D:10     | Reached skill level 5 in Earth Magic
 13102 | D:10     | Got a scorched leather armour
 13113 | D:10     | Identified the cursed +1 leather armour "Leumyb" {*Drain
                  | Str+3 Int+9} (You found it on level 10 of the Dungeon)
 13609 | D:11     | Noticed Snorg
 13654 | D:11     | Killed Snorg
 13759 | D:11     | Learned a level 5 spell: Lee's Rapid Deconstruction
 13924 | D:11     | Found a large runed translucent door.
 13924 | D:11     | Found a large runed translucent door.
 13925 | D:11     | Noticed Charmandara's ghost (journeyman OpAs)
 13994 | D:11     | Found Viasouh's Armour Boutique.
 14054 | D:11     | Noticed a red ugly thing
 14097 | D:11     | Killed a red ugly thing
 14427 | Lair:1   | Entered Level 1 of the Lair of Beasts
 14433 | Lair:1   | Found a shimmering blue altar of Sif Muna.
 14506 | Lair:1   | Noticed a catoblepas
 14547 | Lair:1   | Killed a catoblepas
 14657 | Lair:1   | Reached skill level 10 in Earth Magic
 14846 | Lair:1   | Reached XP level 12. HP: 77/95 MP: 15/19
 15644 | Lair:2   | Noticed a seven-headed hydra
 15656 | Lair:2   | Killed a seven-headed hydra
 16965 | Lair:3   | Noticed a five-headed hydra
 16972 | Lair:3   | Killed a five-headed hydra
 17201 | Lair:3   | Found a staircase to the Snake Pit.
 17374 | Lair:3   | Reached XP level 13. HP: 75/101 MP: 2/23
 17747 | Lair:3   | Noticed an eight-headed hydra
 17784 | Lair:3   | Killed an eight-headed hydra
 17862 | Lair:3   | Found a staircase to the Shoals.
 18657 | Lair:4   | Reached skill level 10 in Fighting
 19272 | Lair:5   | Noticed a six-headed hydra
 19354 | Lair:5   | Reached ****** piety under Dithmenos
 19354 | Lair:5   | Reached skill level 10 in Invocations
 19935 | Lair:6   | Entered Level 6 of the Lair of Beasts
 20196 | Lair:6   | Noticed an eight-headed hydra
 20207 | Lair:6   | Killed an eight-headed hydra
 20456 | Lair:6   | Found a dark tunnel.
 20468 | Volcano  | Entered a volcano
 20739 | Volcano  | Reached XP level 14. HP: 109/110 MP: 10/24
 21363 | Lair:6   | Reached skill level 5 in Shields
 21478 | Lair:6   | Found a staircase to the Slime Pits.
 22446 | Lair:6   | Found a large runed translucent door.
 22447 | Lair:6   | Found a large runed translucent door.
 22781 | Lair:6   | Reached skill level 5 in Conjurations
 23272 | Lair:2   | Found a stormy altar of Qazlal.
 24057 | D:7      | Killed MakMorn's ghost
 24252 | D:11     | Noticed Sonja
 24260 | D:11     | Killed Sonja
 24313 | D:11     | Noticed Josephine
 24321 | D:11     | Killed Josephine
 24333 | D:11     | Reached XP level 15. HP: 44/117 MP: 13/27
 24458 | D:11     | Noticed Urug
 24480 | D:11     | Killed Urug
 24910 | D:11     | Killed Charmandara's ghost
 24910 | D:11     | Reached skill level 11 in Fighting
 25109 | D:12     | Reached skill level 10 in Stealth
 25179 | D:12     | Learned a level 3 spell: Ozocubu's Armour
 25421 | D:12     | Found Uzisar's Food Boutique.
 25513 | D:12     | Noticed Maurice
 25515 | D:12     | Reached skill level 1 in Ice Magic
 25542 | D:12     | Killed Maurice
 25542 | D:12     | Reached skill level 10 in Dodging
 25542 | D:12     | Reached skill level 1 in Charms
 25750 | D:12     | Identified a scroll of acquirement
 27044 | D:13     | Found a bloodstained altar of Trog.
 27106 | D:13     | Noticed Azrael
 27360 | D:13     | Killed Azrael
 28101 | D:13     | Reached skill level 5 in Evocations
 28766 | D:14     | Got a pair of distressingly furry gloves
 28777 | D:14     | Identified the +1 pair of gloves of the Four Ghosts {rF-
                  | Str+7 Stlth+} (You acquired it on level 14 of the Dungeon)
 29011 | D:14     | Reached skill level 12 in Fighting
 29662 | D:14     | Found a runed translucent door.
 29665 | D:14     | Noticed Ruicvam's ghost (adept GrEE)
 29666 | D:14     | Reached XP level 16. HP: 128/128 MP: 24/28
 29980 | D:14     | Found a gate to the Vaults.
 30087 | D:15     | Entered Level 15 of the Dungeon
 30113 | D:15     | Got a dazzling quarterstaff
 30119 | D:14     | Identified the +10 quarterstaff of the Extremely Mad
                  | {distort, Dex+3} (You found it on level 15 of the Dungeon)
 30185 | D:15     | Reached skill level 1 in Staves
 30344 | D:15     | Found a runed translucent gate.
 30345 | D:15     | Found a runed translucent gate.
 30345 | D:15     | Found a runed translucent gate.
 30384 | D:15     | Reached skill level 13 in Fighting
 30987 | D:15     | Found a staircase to the Depths.
 31735 | D:15     | Reached skill level 5 in Staves
 32083 | D:15     | Found a runed translucent gate.
 32083 | D:15     | Found a runed translucent gate.
 32086 | D:15     | Found a runed translucent gate.
 32095 | D:15     | Noticed Exzepaxt's ghost (journeyman FoFi)
 32509 | D:14     | Killed Exzepaxt's ghost
 32509 | D:14     | Reached skill level 14 in Fighting
 32971 | Orc:1    | Entered Level 1 of the Orcish Mines
 33149 | Orc:2    | Entered Level 2 of the Orcish Mines
 33149 | Orc:2    | Found a staircase to the Elven Halls.
 33317 | Orc:2    | Found Qiegischuo's Jewellery Shoppe.
 34035 | Orc:2    | Found Tyimm's Armour Shop.
 34035 | Orc:2    | Found Peirphov's Antique Weapon Emporium.
 34038 | Orc:2    | Found Ceobi's Food Shop.
 34038 | Orc:2    | Found Ubiyn's Distillery.
 34118 | Orc:2    | Bought an uncursed amulet of the acrobat for 330 gold
                  | pieces
 34118 | Orc:2    | Bought the ring of Vuiqoikk {rC+ rN+ MR+ Str-5 Int+8} for
                  | 529 gold pieces
 34181 | Orc:2    | Bought a +1 pair of gloves of archery for 297 gold pieces
 34198 | Orc:2    | Bought a potion of agility for 48 gold pieces
 34198 | Orc:2    | Bought a potion of agility for 48 gold pieces
 34198 | Orc:2    | Bought a potion of heal wounds for 60 gold pieces
 34198 | Orc:2    | Bought a potion of heal wounds for 60 gold pieces
 34198 | Orc:2    | Bought a potion of ambrosia for 96 gold pieces
 34404 | Snake:1  | Entered Level 1 of the Snake Pit
 34584 | Shoals:1 | Entered Level 1 of the Shoals
 34601 | Shoals:1 | Reached XP level 17. HP: 132/140 MP: 4/29
 34772 | Shoals:1 | Noticed Louise
 34783 | Shoals:1 | Killed Louise
 35347 | Shoals:1 | Noticed Nikola
 36628 | Shoals:2 | Reached skill level 10 in Staves
 36788 | Shoals:2 | Found a runed translucent door.
 36788 | Shoals:2 | Noticed Daunt's ghost (adept OpTm)
 37562 | Shoals:3 | Noticed Ilsuiw
 37573 | Shoals:3 | Noticed Bai Suzhen
 37576 | Shoals:3 | Noticed Polyphemus
 37620 | Shoals:3 | Found a frozen archway.
 37631 | IceCv    | Entered an ice cave
 38021 | IceCv    | Noticed an Ice Fiend
 38021 | IceCv    | Noticed an Ice Fiend
 38131 | IceCv    | Killed an Ice Fiend
 38315 | IceCv    | Killed an Ice Fiend
 38718 | IceCv    | Got bronze ice dragon scales
 38719 | IceCv    | Identified the cursed +0 ice dragon scales "Qoclytua" {rF-
                  | rC++ MR+} (You found it in an ice cave)
 39428 | Shoals:3 | Killed Ilsuiw
 39476 | Shoals:3 | Found Lenwa's General Store.
 40210 | Shoals:2 | Killed Bai Suzhen
 41441 | Shoals:3 | Reached XP level 18. HP: 136/147 MP: 19/30
 41566 | Shoals:4 | Entered Level 4 of the Shoals
 42163 | Shoals:3 | Killed Polyphemus
 42580 | Shoals:4 | Found Guubeoh's Jewellery Boutique.
 42765 | Shoals:4 | Got a twisted long sword
 42766 | Shoals:4 | Identified the cursed +2 long sword of Mutilation {slice,
                  | MR+ Int+3} (You found it on level 4 of the Shoals)
 43211 | Shoals:4 | Found the +7 great mace "Undeadhunter" {disrupt, rN+}
 44104 | Shoals:4 | Reached skill level 10 in Spellcasting
 44108 | Shoals:4 | Identified Ytimale's Tome of Talismans and Translocation
 44897 | Shoals:4 | Reached skill level 5 in Armour
 45063 | Shoals:4 | Got a barnacled rune of Zot
 45377 | Vaults:1 | Entered Level 1 of the Vaults
 45377 | Vaults:1 | Found Dijair's Magic Scroll Shoppe.
 45387 | Vaults:1 | Bought a scroll of acquirement for 884 gold pieces
 46437 | Snake:1  | Noticed Roxanne
 46500 | Snake:1  | Killed Roxanne
 47409 | Snake:1  | Reached XP level 19. HP: 153/153 MP: 7/33
 48126 | Snake:2  | Reached skill level 10 in Armour
 49055 | Snake:2  | Found the +6 Majin-Bo {vamp, Archmagi MP+6 Int+6}
 49638 | Snake:2  | Reached skill level 15 in Fighting
 49953 | Snake:3  | Noticed Vashnia
 50072 | Snake:3  | Killed Vashnia
 50905 | Snake:3  | Noticed Aizul
 50935 | Snake:3  | Killed Aizul
 51417 | Snake:4  | Entered Level 4 of the Snake Pit
 51773 | Snake:3  | Learned a level 5 spell: Borgnjor's Vile Clutch
 51966 | Snake:4  | Reached skill level 1 in Necromancy
 53584 | Snake:4  | Reached XP level 20. HP: 158/162 MP: 30/35
 53615 | Snake:4  | Reached skill level 5 in Necromancy
 55474 | Snake:4  | Got a serpentine rune of Zot
 55827 | Vaults:1 | Found Kaukhlat's Gadget Shop.
 56537 | Vaults:1 | Reached skill level 10 in Evocations
 56654 | Vaults:1 | Got a fine granite ring
 56656 | Vaults:1 | Identified the ring "Woha" {+Fly Str+3 Int+6} (You found it
                  | on level 1 of the Vaults)
 57569 | Vaults:1 | Found Gorphunuch's Armour Boutique.
 57797 | Vaults:1 | Found Joleck's Armour Emporium.
 57987 | Vaults:2 | Reached XP level 21. HP: 160/170 MP: 29/36
 58224 | Vaults:2 | Reached skill level 16 in Fighting
 58984 | Vaults:2 | Found a staircase to the Crypt.
 59385 | Vaults:2 | Found Ryfesoot's Armour Shoppe.
 59526 | Vaults:3 | Noticed Saint Roka
 59801 | Vaults:3 | Noticed Margery
 59940 | Vaults:3 | Noticed Sojobo
 59949 | Vaults:3 | Killed Sojobo
 60277 | Vaults:3 | Killed Saint Roka
 60431 | Vaults:3 | Noticed Asterion
 60705 | Vaults:3 | Noticed a golden dragon
 60713 | Vaults:3 | Killed a golden dragon
 60713 | Vaults:3 | Reached skill level 17 in Fighting
 60713 | Vaults:3 | Reached XP level 22. HP: 129/181 MP: 10/37
 61635 | Vaults:3 | Found Baesixeff's Antique Armour Shop.
 61649 | Vaults:3 | Bought a shiny large shield for 255 gold pieces
 62418 | Vaults:3 | Killed Margery
 62528 | Vaults:3 | Killed Asterion
 62869 | Vaults:4 | Splashed by a tengu reaver's acid

Levels and vault maps discovered:
D:1:      dpeg_arrival_long_road, layout_basic, st_stairs_4
D:2:      layout_loops_ring, lemuel_coloured_pillars_altar, first_ration,
          chequers_ecumenical_altar_simple, uniq_natasha, uniq_robin,
          uniq_terence
D:3:      layout_loops_corners, lemuel_crystal_altar, gup_sewer_entry_glass
D:4:      layout_basic, minmay_temple_entry_hall
D:5:      layout_basic, enter_ossuary_1
D:6:      layout_layer_cave
D:7:      layout_loops_ring, chequers_temple_overflow_minitemple,
          ebering_ghost_disaster_area, kennysheep_generic_room_10
D:8:      layout_cave_pools, basic_altar, uniq_prince_ribbit1
D:9:      layout_cave_pools, elyvilon_altar_5, special_room
          [special_room_kobold], serial_shops, kennysheep_little_box,
          minivault_14
D:10:     layout_basic, lair_entry_dummy, hiddenorc2_lemuel,
          hangedman_stone_soup
D:11:     layout_gridville, ebering_ghost_disaster_area, serial_shops,
          nicolae_shop_statue_plus, uniq_urug, uniq_sonja, uniq_snorg,
          uniq_josephine
D:12:     kennysheep_seaside_town, layout_loops_corners, serial_shops,
          nicolae_shop_behind_doors, uniq_maurice
D:13:     layout_cave_pods, trog_ov_bears_minmay, uniq_azrael
D:14:     layout_loops_ring, ximxim_vaults_locker_room,
          hellmonk_ghost_happy_afterlife, chequers_arboretum
D:15:     hangedman_depths_entry_civil_slaughter, layout_basic,
          serial_bayou_shore_b, special_room [special_room_bee],
          ploomutoo_gammafunk_ghost_potion_laboratory, lemuel_old_faithful
Temple:   eino_temple_water
Lair:1:   layout_long_grid, basic_altar, serial_bayou_shore_a
Lair:2:   layout_loops_ring, lemuel_oklob_altar
Lair:3:   minmay_lair_oklob_tunnel, layout_regular_city,
          elwin_shoals_entry_rocks, minmay_snake_entry_guardpost_small,
          serial_forest, infiniplex_forest_clump_diagonal,
          infiniplex_forest_clump_diagonal, infiniplex_forest_clump_small,
          infiniplex_forest_clump_small, infiniplex_forest_straight_5,
          infiniplex_forest_clump_small, infiniplex_forest_clump_medium
Lair:4:   layout_long_grid, infiniplex_staircase_pool, grunt_megastairs_2,
          uniq_kirke
Lair:5:   layout_regular_city, patterned_corridor
Lair:6:   cheibrodos_lair_end_hotspot, layout_long_grid,
          nicolae_slime_entry_slimehenge, enter_volcano_4,
          minmay_stone_trees_small, chequers_serial_rivers_micro_a,
          serial_bayou_ford_a, minmay_lair_drake_nest
Shoals:1: layout_shoals, nicolae_shoals_this_corrosion, uniq_louise, uniq_nikola
Shoals:2: layout_shoals, ebering_ghost_inner_flame
Shoals:3: layout_shoals, serial_shops, nicolae_shop_stone,
          portal_ice_cave_entry_ugly_swarm, uniq_ilsuiw, uniq_bai_suzhen,
          uniq_polyphemus
Shoals:4: shoals_end_simple, layout_shoals, serial_shops, nicolae_shop_trees
Snake:1:  layout_onion_interference, uniq_roxanne
Snake:2:  layout_misc_corridors, st_stairs_7, grunt_ministairs_1
Snake:3:  layout_cave_town, uniq_vashnia, uniq_aizul
Snake:4:  johnstein_snake_rune_scales, layout_cave_shapes
Orc:1:    layout_caves
Orc:2:    grunt_orc_tribal_feast, layout_caves, serial_shops, shop
Vaults:1: nicolae_vaults_network_barrier, vaults_standard_mumra_lines,
          v_rooms_6, v_alt_pattern_1, nicolae_vaults_rhombus_7,
          nicolae_vaults_little_squares_4, vaults_mumra_hexcomb,
          nicolae_vaults_alarming, nicolae_vaults_network_s, v_misc_24,
          layout_vaults_omnicross, serial_shops, nicolae_shop_behind_doors,
          nicolae_shop_window_shopping, shop, shop
Vaults:2: v_alt_pattern_5, st_cells, hangedman_vaults_nails,
          minmay_crypt_entry_simple_plaza, vaults_room_pool,
          ontoclasm_vaults_loading_screen, layout_vaults_quadrants,
          serial_shops, shop
Vaults:3: vaults_dpeg_doors, vaults_room_corners, ontoclasm_vaults_chip,
          v_alt_pattern_2, ontoclasm_vaults_ring_large, vaults_room_fancy_cross,
          vaults_room_pools, v_rooms_2, hangedman_vaults_maws,
          hangedman_vaults_maws, nicolae_vaults_circle_grid_a, st_check,
          layout_vaults_maze_snakey, serial_shops, shop_coins, uniq_asterion,
          uniq_sojobo, uniq_margery, uniq_saint_roka
Vaults:4: v_rooms_1, ontoclasm_vaults_loading_screen, nicolae_vaults_theta,
          ontoclasm_vaults_loading_screen, v_misc_33,
          nicolae_vaults_branching_niches, v_misc_23, v_alt_pattern_6,
          nicolae_vaults_network_square, nicolae_vaults_windows_and_doors_thing,
          nicolae_vaults_network_quinsquares
          [nicolae_vaults_network_quincunx_subvault,
          nicolae_vaults_network_quincunx_subvault,
          nicolae_vaults_network_quincunx_subvault,
          nicolae_vaults_network_quincunx_subvault], ontoclasm_vaults_shuriken,
          v_misc_8, ontoclasm_vaults_gateway, layout_vaults_omnibox

Skill      XL: |  1  2  3  4  5  6  7  8  9 10 11 12 13 14 15 16 17 18 19 20 21 22 |
---------------+-------------------------------------------------------------------+-----
Poison Magic   | 5 6 7 8 9 |  9.0
Fighting       | 1 2 3 5 8 9 10 12 14 15 17 | 17.6
Stealth        | 3 4 6 7 8 9 11 12 13 | 13.1
Spellcasting   | 3 4 5 7 8 10 11 | 11.0
Dodging        | 2 5 6 9 10 | 10.0
Shields        | 2 9 |  9.0
Invocations    | 1 6 9 11 | 11.0
Conjurations   | 3 4 5 |  5.0
Evocations     | 2 6 8 9 10 12 13 | 13.5
Armour         | 2 9 10 11 13 14 | 14.0
Air Magic      | 2 |  2.0
Earth Magic    | 10 11 12 14 | 14.0
Ice Magic      | 3 |  3.0
Charms         | 3 |  3.0
Staves         | 7 12 | 12.3
Necromancy     | 4 8 9 |  9.0

Action                   |  1- 3 |  4- 6 |  7- 9 | 10-12 | 13-15 | 16-18 | 19-21 | 22-24 || total
-------------------------+-------+-------+-------+-------+-------+-------+-------+-------++-------
Melee: Unarmed           |     2 |       |       |       |       |       |       |       ||     2
       Dagger            |     3 |    29 |     3 |       |       |       |       |       ||    35
       Halberd           |       |       |   215 |       |       |       |       |       ||   215
       Peck              |       |       |    16 |    66 |   146 |   119 |    97 |    36 ||   480
       Falchion          |       |       |    60 |   388 |   617 |    10 |       |       ||  1075
       Quarterstaff      |       |       |       |       |       |   616 |   557 |   158 ||  1331
       Staff             |       |       |       |       |       |    26 |       |       ||    26
Throw: Boomerang         |       |       |    38 |    16 |    35 |    34 |       |       ||   123
       Javelin           |       |       |     3 |       |       |     6 |    23 |       ||    32
       Dart              |       |       |       |       |       |     7 |       |       ||     7
 Cast: Sting             |    59 |   110 |    96 |    95 |    44 |    10 |       |       ||   414
       Poisonous Vapours |     4 |    24 |    39 |   158 |   127 |   122 |    11 |     1 ||   486
       Stone Arrow       |       |       |       |    34 |   217 |   453 |   477 |    23 ||  1204
       Olgreb's Toxic Ra |       |       |       |    11 |    48 |    55 |    17 |     7 ||   138
       Mephitic Cloud    |       |       |       |     4 |     8 |    12 |       |       ||    24
       Passwall          |       |       |       |     2 |       |     1 |       |       ||     3
       Lee's Rapid Decon |       |       |       |     2 |    36 |    62 |   130 |    28 ||   258
       Ozocubu's Armour  |       |       |       |       |     2 |    22 |       |       ||    24
       Borgnjor's Vile C |       |       |       |       |       |       |    54 |     6 ||    60
Invok: Shadow Step       |       |       |       |       |     1 |     1 |       |       ||     2
       Shadow Form       |       |       |       |       |       |     3 |       |       ||     3
 Abil: Dig               |       |     2 |     2 |     3 |    18 |    20 |     4 |       ||    49
       Evoke Flight      |       |       |       |       |     1 |    69 |       |       ||    70
       Stop Flying       |       |       |       |       |       |     2 |       |       ||     2
Evoke: Fan of gales      |       |       |       |       |       |     2 |     1 |       ||     3
       Wand              |       |       |       |       |       |     2 |     1 |       ||     3
       Lightning rod     |       |       |       |       |       |     5 |     5 |       ||    10
       Lamp of fire      |       |       |       |       |       |     1 |       |       ||     1
       Phial of floods   |       |       |       |       |       |       |     1 |       ||     1
  Use: Scroll            |     2 |     1 |     6 |     3 |    17 |     9 |     4 |       ||    42
       Potion            |       |       |     2 |       |     1 |     7 |     2 |     1 ||    13
 Stab: Sleeping          |       |       |    11 |     6 |     7 |     6 |    14 |       ||    44
       Confused          |       |       |       |     1 |     1 |     5 |       |       ||     7
       Distracted        |       |       |       |     1 |     2 |     5 |       |       ||     8
  Eat: Ration            |     1 |       |     1 |       |     4 |    12 |     7 |     1 ||    26
       Chunk             |       |    13 |    14 |    28 |    47 |    39 |    22 |     3 ||   166
Armor: Robe              |     6 |     6 |       |       |       |    23 |     9 |       ||    44
       Animal skin       |       |     7 |       |       |       |       |       |       ||     7
       Leather armour    |       |       |    31 |    70 |    72 |    63 |       |       ||   236
       Skin              |       |       |     4 |       |       |       |       |       ||     4
       Ice dragon scales |       |       |       |       |       |       |   188 |       ||   188
       Storm dragon scal |       |       |       |       |       |       |       |    35 ||    35
Dodge: Dodged            |    10 |    32 |   143 |   326 |   460 |   558 |   281 |    34 ||  1844
Block: Buckler           |       |       |    10 |    87 |    20 |       |       |       ||   117
       Shield            |       |       |       |       |   388 |   483 |   464 |    98 ||  1433
       Reflection        |       |       |       |       |       |       |    18 |    14 ||    32
       Rpst.: Falchion   |       |       |    13 |    92 |   112 |     1 |       |       ||   218
